[Event "Titled Tuesday Blitz February 28 Late 2023"]
[White "Kovacs, Klara"]
[Black "Golubev, Mikhail"]
[WhiteFideId "733210"]
[BlackFideId "14100983"]
[WhiteElo "2179"]
[BlackElo "2374"]
[Result "0-1"]
[Round "09"]
[TimeControl "180+2"]
[Date "2023.02.28"]
[WhiteClock "0:00:05"]
[BlackClock "0:00:03"]

1. d4 d6 2. e4 Nf6 3. Nc3 g6 4. Bg5 c6 5. Qd2 b5 6. a3 Nbd7 7. O-O-O a5 8. e5 b4 9. exf6 bxc3 10. Qxc3 Nxf6 11. Bxf6 exf6 12. Re1+ Be7 13. Qxc6+ Bd7 14. Qxd6 Kf8 15. Qd5 Rc8 16. Bc4 Qe8 17. Nf3 Bc6 18. Qxa5 Bxf3 19. gxf3 Rxc4 20. d5 Qc8 21. c3 f5 22. Qb6 Rxc3+ 23. Kb1 Rc4 24. d6 Bd8 25. Qb5 Bf6 26. d7 Qc5 27. Re8+ Kg7 28. Qxc5 Rxc5 29. Rxh8 Kxh8 30. Re1 Kg7 31. Re8 Rd5 32. a4 Rxd7 33. Ka2 Rb7 34. Re2 Bd4 35. b3 Rc7 36. Rd2 Bb6 37. b4 Rc3 38. a5 Bxa5 39. bxa5 Rc5 40. Kb3 Rxa5 41. Kc4 Ra6 42. Rd7 Re6 43. Kd3 Re5 44. Rd6 Re8 45. Kd2 h6 46. Rd7 g5 47. h3 Kg6 48. Rd6+ f6 49. Rd7 Re6 50. Rc7 f4 51. Rd7 Kh5 52. Rh7 f5 53. Rf7 Kh4 54. Rxf5 Kxh3 55. Rd5 Kg2 56. Rd4 Kxf3 57. Rd3+ Kxf2 58. Rh3 g4 59. Rh5 g3 60. Rf5 Kf3 61. Rf7 g2 62. Rg7 Kf2 63. Rg8 f3 0-1


[Site "https://www.chess.com"]

[Event "Titled Tuesday Blitz February 28 Late 2023"]
[White "Fajdetic, Hrvoje"]
[Black "Mazurkiewicz, Michal"]
[WhiteFideId "14501945"]
[BlackFideId "1124943"]
[WhiteElo "2185"]
[BlackElo "2054"]
[Result "0-1"]
[Round "09"]
[TimeControl "180+2"]
[Date "2023.02.28"]
[WhiteClock "0:00:11"]
[BlackClock "0:01:33"]

1. f4 g6 2. e4 Bg7 3. Nf3 d6 4. d3 c5 5. Be2 Nc6 6. O-O e6 7. Qe1 Nge7 8. Nc3 Nd4 9. Bd1 O-O 10. Ne2 Nxf3+ 11. Rxf3 f5 12. Rb1 b6 13. h3 Bb7 14. Ng3 e5 15. fxe5 dxe5 16. Bg5 h6 17. Bxe7 Qxe7 18. Rf2 Qh4 19. Kh2 f4 20. Nf1 h5 21. b4 cxb4 22. Rxb4 Bh6 23. Bf3 Bc8 24. d4 g5 25. Re2 Qxe1 26. Rxe1 g4 27. hxg4 hxg4 28. Be2 f3 29. Bc4+ Kg7 30. dxe5 Bf4+ 31. g3 Bxe5 32. Bd5 Rb8 33. Kg1 f2+ 0-1


[Site "https://www.chess.com"]

[Event "Titled Tuesday Blitz February 28 Late 2023"]
[White "Eckert, Doug"]
[Black "Dudzinski, Pawel"]
[WhiteFideId "2001993"]
[BlackFideId "1117890"]
[WhiteElo "2202"]
[BlackElo "2099"]
[Result "0-1"]
[Round "09"]
[TimeControl "180+2"]
[Date "2023.02.28"]
[WhiteClock "0:00:42"]
[BlackClock "0:01:14"]

1. d4 d5 2. c4 c6 3. Nf3 e6 4. Qb3 dxc4 5. Qxc4 Nd7 6. g3 Nb6 7. Qc2 Nf6 8. Bg2 Be7 9. O-O O-O 10. Rd1 Bd7 11. Nbd2 Rc8 12. a4 c5 13. Qb3 c4 14. Qc2 a5 15. Ne5 Qc7 16. Ndf3 Nfd5 17. Bd2 Nb4 18. Bxb4 axb4 19. a5 Nd5 20. Nxd7 Qxd7 21. Ne5 Qb5 22. e4 b3 23. Qd2 Nb4 24. Bf1 Nc2 25. Rac1 f6 26. Nf3 Bb4 27. Qf4 Qxa5 28. d5 e5 29. Qg4 Qb6 30. Nh4 Kh8 31. Nf5 g6 32. Ne7 Bxe7 0-1


[Site "https://www.chess.com"]

[Event "Titled Tuesday Blitz February 28 Late 2023"]
[White "Torres Dominguez, David"]
[Black "Rottenwohrer Suarez, Juan"]
[WhiteFideId "2220857"]
[BlackFideId "32068182"]
[WhiteElo "1999"]
[BlackElo "2174"]
[Result "0-1"]
[Round "09"]
[TimeControl "180+2"]
[Date "2023.02.28"]
[WhiteClock "0:00:27"]
[BlackClock "0:02:05"]

1. e4 c5 2. Nc3 g6 3. d4 cxd4 4. Qxd4 Nf6 5. Bb5 a6 6. e5 axb5 7. exf6 Nc6 8. fxe7 Qxe7+ 9. Qe3 Bg7 10. Nge2 b4 11. Nd5 Qxe3 12. Nxe3 O-O 13. c3 d6 14. O-O Be6 15. Rd1 Rfd8 16. c4 Ne5 17. Bd2 Nxc4 18. Nxc4 Bxc4 19. Nf4 Bxb2 20. Rab1 Bc3 21. Bxc3 bxc3 22. Rdc1 Ra3 0-1


[Site "https://www.chess.com"]

[Event "Titled Tuesday Blitz February 28 Late 2023"]
[White "Liu, Eric"]
[Black "Romero Ruscalleda, Josep"]
[WhiteFideId "30960240"]
[BlackFideId "2231859"]
[WhiteElo "2094"]
[BlackElo "2183"]
[Result "1-0"]
[Round "09"]
[TimeControl "180+2"]
[Date "2023.02.28"]
[WhiteClock "0:01:12"]
[BlackClock "0:00:13"]

1. b3 e5 2. Bb2 d6 3. g3 g6 4. Bg2 Bg7 5. d4 Nd7 6. dxe5 Nxe5 7. Qc1 Nf6 8. Nd2 O-O 9. Ngf3 Nxf3+ 10. Nxf3 Bf5 11. O-O Qc8 12. Re1 Be4 13. c4 Re8 14. Qd2 Qg4 15. Rad1 Rad8 16. Bc3 Bc6 17. Qb2 Nh5 18. Bxg7 Nxg7 19. Rd4 Qe6 20. e4 Qf6 21. Qc2 Ne6 22. Rd2 Kg7 23. b4 a6 24. a4 b6 25. h4 h6 26. Qd1 Nf8 27. Re3 Bxe4 28. Qe1 Bc6 29. Nd4 Rxe3 30. Qxe3 Bxg2 31. Kxg2 Ne6 32. Nc6 Rd7 33. a5 bxa5 34. bxa5 Nc5 35. Qe8 Qe6 36. Qxe6 fxe6 37. Rb2 e5 38. Rb8 e4 39. Ra8 Rf7 40. Ra7 Nd3 41. Rxa6 Rxf2+ 42. Kg1 Rc2 43. Ra7 Rxc4 44. Rxc7+ Kf8 45. a6 Rc1+ 46. Kg2 Rc2+ 47. Kf1 Rf2+ 48. Kg1 Rc2 49. a7 Ne1 50. a8=Q# 1-0


[Site "https://www.chess.com"]

[Event "Titled Tuesday Blitz February 28 Late 2023"]
[White "Jenkins, Drake"]
[Black "Martic, Ivan"]
[WhiteFideId "2022397"]
[BlackFideId "929301"]
[WhiteElo "2304"]
[BlackElo "2360"]
[Result "0-1"]
[Round "09"]
[TimeControl "180+2"]
[Date "2023.02.28"]
[WhiteClock "0:00:01"]
[BlackClock "0:01:06"]

1. Nf3 Nf6 2. c4 g6 3. g3 Bg7 4. Bg2 O-O 5. O-O d6 6. Nc3 e5 7. Rb1 Re8 8. d3 c6 9. b4 d5 10. b5 h6 11. bxc6 bxc6 12. Qb3 Na6 13. Ba3 e4 14. Nd4 Bd7 15. cxd5 cxd5 16. Nxd5 Rb8 17. Qc4 Qa5 18. Rxb8 Nxb8 19. Nxf6+ Bxf6 20. Bb2 Qb6 21. Ba1 exd3 22. exd3 Bg7 23. Nb3 Bb5 24. Qb4 Bxa1 25. Rxa1 Bxd3 0-1


[Site "https://www.chess.com"]

[Event "Titled Tuesday Blitz February 28 Late 2023"]
[White "Escalante Ramirez, Rafael"]
[Black "Lawson, Eric"]
[WhiteFideId "3900177"]
[BlackFideId "2604116"]
[WhiteElo "2296"]
[BlackElo "2494"]
[Result "0-1"]
[Round "09"]
[TimeControl "180+2"]
[Date "2023.02.28"]
[WhiteClock "0:00:01"]
[BlackClock "0:01:08"]

1. Nf3 Nf6 2. d4 e6 3. c4 Bb4+ 4. Bd2 a5 5. g3 O-O 6. Bg2 d5 7. cxd5 exd5 8. O-O Be7 9. Nc3 Bf5 10. Nh4 Be6 11. Qc2 Na6 12. a3 c6 13. Rac1 Re8 14. Nf3 Nc7 15. Ne5 Bd6 16. Nd3 Bf5 17. Bg5 h6 18. Bxf6 Qxf6 19. e3 Ne6 20. Qd1 Qg6 21. Ne5 Bxe5 22. dxe5 Ng5 23. f4 Ne4 24. Nxe4 Bxe4 25. Qd4 Bxg2 26. Kxg2 f6 27. exf6 Qxf6 28. Qxf6 gxf6 29. Kf3 Re4 30. Rfd1 Ra6 31. Rd3 Rb6 32. b3 Kf7 33. Rc5 Ra6 34. Rd4 f5 35. Rxe4 fxe4+ 36. Kg4 Ke6 37. Kh5 Rb6 38. Rc3 Kd6 0-1


[Site "https://www.chess.com"]

[Event "Titled Tuesday Blitz February 28 Late 2023"]
[White "Senft, Sean"]
[Black "ArchibaldCerveza29"]
[WhiteFideId "2044960"]
[WhiteElo "1989"]
[BlackElo "2490"]
[Result "0-1"]
[Round "09"]
[TimeControl "180+2"]
[Date "2023.02.28"]
[WhiteClock "0:00:04"]
[BlackClock "0:00:46"]

1. e4 e5 2. Nf3 Nc6 3. Bb5 g6 4. O-O Bg7 5. c3 a6 6. Ba4 Nge7 7. d4 exd4 8. cxd4 b5 9. Bb3 O-O 10. Bg5 h6 11. Bh4 d6 12. Nc3 Bg4 13. Bxe7 Qxe7 14. Bd5 Bxf3 15. gxf3 Qd7 16. Qd3 Rae8 17. Bxc6 Qxc6 18. Kh1 Kh8 19. Rg1 Qd7 20. Rg3 b4 21. Ne2 a5 22. Rag1 Qa4 23. a3 c5 24. f4 bxa3 25. bxa3 Bxd4 26. Qf3 Bf6 27. Nc3 Qxa3 28. Nd5 Qxf3+ 29. Rxf3 Bd4 30. Ra3 Rxe4 31. Rxa5 Bxf2 32. Rf1 Re1 33. Kg2 Rxf1 34. Kxf1 Bd4 35. Ra7 Kg7 36. Rd7 Ra8 37. Rxd6 Ra2 38. f5 Rf2+ 39. Ke1 Rxf5 40. Ne7 Re5+ 0-1


[Site "https://www.chess.com"]

[Event "Titled Tuesday Blitz February 28 Late 2023"]
[White "Seletsky, Grigory"]
[Black "Kaufman, Raymond"]
[WhiteFideId "14112191"]
[BlackFideId "2015056"]
[WhiteElo "2490"]
[BlackElo "2321"]
[Result "1-0"]
[Round "09"]
[TimeControl "180+2"]
[Date "2023.02.28"]
[WhiteClock "0:00:37"]
[BlackClock "0:00:06"]

1. e4 e5 2. Nf3 Nc6 3. Bc4 Bc5 4. O-O Nf6 5. d3 d6 6. c3 O-O 7. Bg5 h6 8. Bh4 g5 9. Bg3 Bg4 10. Nbd2 a5 11. a4 Nh5 12. Re1 Qf6 13. Nf1 Kg7 14. Ne3 Bxe3 15. Rxe3 Nf4 16. Qd2 Ne7 17. Ne1 Neg6 18. f3 Bd7 19. d4 Rad8 20. Bf2 h5 21. Bf1 h4 22. h3 Nh5 23. d5 Ngf4 24. c4 b6 25. b4 axb4 26. Qxb4 Ng3 27. a5 bxa5 28. Qxa5 Qg6 29. Qxc7 Nxf1 30. Kxf1 Nxh3 31. gxh3 Bxh3+ 32. Ke2 g4 33. Bxh4 gxf3+ 34. Nxf3 Rd7 35. Qa5 Bg4 36. Qe1 f5 37. Kd2 1-0


[Site "https://www.chess.com"]

[Event "Titled Tuesday Blitz February 28 Late 2023"]
[White "Melikhov, Evgeny V."]
[Black "Mikhalsky, Vladimir"]
[WhiteFideId "4122046"]
[BlackFideId "14144352"]
[WhiteElo "2158"]
[BlackElo "2272"]
[Result "1-0"]
[Round "09"]
[TimeControl "180+2"]
[Date "2023.02.28"]
[WhiteClock "0:00:56"]
[BlackClock "0:01:25"]

1. d4 Nf6 2. c4 g6 3. Nc3 Bg7 4. e4 O-O 5. Be3 d6 6. f3 Nc6 7. Nge2 a6 8. Qd2 Re8 9. Bh6 e5 10. d5 Nd4 11. Bxg7 Kxg7 12. Nxd4 exd4 13. Qxd4 c5 14. dxc6 bxc6 15. O-O-O c5 16. Qxd6 Qa5 17. a3 Be6 18. Nd5 Rab8 19. Nxf6 Kxf6 20. Be2 Qa4 21. Qxc5 Kg7 22. Qd4+ Kg8 23. Qc3 Rec8 24. Rd4 Rb3 25. Qd2 Bxc4 26. Rd8+ Rxd8 27. Qxd8+ Kg7 28. Qd4+ Kh6 29. Qxc4 1-0


[Site "https://www.chess.com"]

[Event "Titled Tuesday Blitz February 28 Late 2023"]
[White "Sreyas Payyappat"]
[Black "Leonte, Sebastian-Marian"]
[WhiteFideId "46674969"]
[BlackFideId "1268767"]
[WhiteElo "2083"]
[BlackElo "2270"]
[Result "1-0"]
[Round "09"]
[TimeControl "180+2"]
[Date "2023.02.28"]
[WhiteClock "0:00:43"]
[BlackClock "0:00:02"]

1. e4 e5 2. Nf3 Nc6 3. Bc4 Nf6 4. d4 exd4 5. e5 d5 6. Bb5 Ne4 7. Nxd4 Bd7 8. Bxc6 bxc6 9. c3 Be7 10. O-O O-O 11. Be3 Nc5 12. Nd2 Nd3 13. f4 Nxb2 14. Qc2 Rb8 15. Rab1 c5 16. N4b3 Na4 17. f5 c4 18. Nd4 Bg5 19. Bxg5 Qxg5 20. e6 fxe6 21. fxe6 Qe3+ 22. Kh1 Nxc3 23. Rxb8 Rxb8 24. Nf5 Qe5 25. exd7 Ne2 26. Nf3 Qe6 27. Re1 Qxd7 28. Rxe2 d4 29. N3xd4 g6 30. Ne7+ Kf7 31. Nec6 1-0


[Site "https://www.chess.com"]

[Event "Titled Tuesday Blitz February 28 Late 2023"]
[White "Pein, Jonathan"]
[Black "Chabris, Christopher"]
[WhiteFideId "417092"]
[BlackFideId "2005263"]
[WhiteElo "2151"]
[BlackElo "2245"]
[Result "1-0"]
[Round "09"]
[TimeControl "180+2"]
[Date "2023.02.28"]
[WhiteClock "0:01:06"]
[BlackClock "0:00:05"]

1. e4 c5 2. Nf3 d6 3. Bb5+ Bd7 4. a4 Nf6 5. O-O Nc6 6. Re1 e5 7. d3 Be7 8. Nc3 O-O 9. h3 Nd4 10. Nxd4 cxd4 11. Bxd7 dxc3 12. Bb5 a6 13. Bc4 b5 14. Bb3 Qc7 15. bxc3 Qxc3 16. Bd2 Qc6 17. f4 exf4 18. Bxf4 Rad8 19. Qf3 Qc3 20. axb5 axb5 21. Kh1 Ra8 22. Rab1 Nd7 23. Qg3 Nc5 24. Bd5 Rad8 25. Re2 b4 26. Rf1 Kh8 27. Ref2 b3 28. Bd2 Qb2 29. cxb3 Nxb3 30. Bg5 Qe5 31. Qxe5 1-0


[Site "https://www.chess.com"]

[Event "Titled Tuesday Blitz February 28 Late 2023"]
[White "Rangel, Daniel"]
[Black "Simonovic, Miroslav"]
[WhiteFideId "2124475"]
[BlackFideId "919152"]
[WhiteElo "2256"]
[BlackElo "2057"]
[Result "1-0"]
[Round "09"]
[TimeControl "180+2"]
[Date "2023.02.28"]
[WhiteClock "0:00:04"]
[BlackClock "0:00:01"]

1. e4 c5 2. Nf3 Nc6 3. d4 cxd4 4. Nxd4 a6 5. c4 g6 6. Nc3 Bg7 7. Be3 d6 8. Be2 Nf6 9. O-O O-O 10. Qc2 Ng4 11. Bxg4 Bxg4 12. Nxc6 bxc6 13. f3 Be6 14. c5 d5 15. Rad1 Qa5 16. exd5 cxd5 17. Nxd5 Bxd5 18. Rxd5 Qxa2 19. Rd2 Rab8 20. Rb1 Rfd8 21. Re2 Qb3 22. c6 Rdc8 23. c7 Be5 24. cxb8=Q Qxb8 25. Qd1 Bxh2+ 26. Kh1 Bd6 27. Bd4 Rc4 28. g4 Qb7 29. Kg2 Qb4 30. Rd2 h5 31. Bc3 Qb5 32. Rd5 Qd7 33. Rd4 Rc6 34. Qe2 hxg4 35. fxg4 Rc5 36. Rbd1 Rg5 37. Qf3 Qc8 38. Rf4 Bxf4 39. Kf1 1-0


[Site "https://www.chess.com"]

[Event "Titled Tuesday Blitz February 28 Late 2023"]
[White "Floresvillar Gonzalez, Luis Migu"]
[Black "Vaglio Munoz, Jaime"]
[WhiteFideId "5100542"]
[BlackFideId "6500145"]
[WhiteElo "2040"]
[BlackElo "2199"]
[Result "1-0"]
[Round "09"]
[TimeControl "180+2"]
[Date "2023.02.28"]
[WhiteClock "0:00:19"]
[BlackClock "0:00:21"]

1. e4 e6 2. d4 d5 3. exd5 Qxd5 4. Nf3 Nf6 5. Nbd2 a6 6. Bc4 Qd8 7. O-O b5 8. Bd3 Bb7 9. c3 Be7 10. Qe2 Nbd7 11. a4 b4 12. c4 c5 13. b3 cxd4 14. Nxd4 Nc5 15. N2f3 Bxf3 16. Qxf3 Nxd3 17. Qxd3 e5 18. Bb2 exd4 19. Bxd4 O-O 20. Rad1 Qc7 21. Rfe1 Rad8 22. Qf3 h6 23. g3 Rd7 24. Bb6 Qxb6 25. Rxd7 Nxd7 26. Rxe7 Nf6 27. Rb7 Qc5 28. h3 Re8 29. Kg2 Qe5 30. Rxb4 Ne4 31. Rb6 Re6 32. Rxe6 Qxe6 33. h4 Nd2 34. Qa8+ Kh7 35. Qb7 Qe2 36. Qxf7 Qf1+ 37. Kh2 Qe2 38. Qf5+ Kg8 39. Kg2 Ne4 40. c5 Nf6 41. c6 Qe7 42. b4 Qxb4 43. c7 Qc4 44. c8=Q+ Qxc8 45. Qxc8+ Kf7 46. Qxa6 h5 47. Qc4+ Kg6 48. a5 Kf5 49. a6 Ne4 50. Qxe4+ Kxe4 51. a7 Kf5 52. a8=Q Kg6 53. Qe4+ Kh6 54. Qf4+ Kh7 55. Qg5 g6 56. Qe7+ Kh6 57. Qf8+ Kh7 58. f3 g5 59. hxg5 h4 60. Qh6+ Kg8 61. gxh4 Kf7 62. g6+ Kf6 63. g7+ Kf7 64. Qh8 Kf6 65. g8=Q+ Kf5 66. Qf7# 1-0


[Site "https://www.chess.com"]

[Event "Titled Tuesday Blitz February 28 Late 2023"]
[White "Kostiukov, Alexandr"]
[Black "olga-belka"]
[WhiteFideId "14108100"]
[WhiteElo "2202"]
[BlackElo "2214"]
[Result "1-0"]
[Round "09"]
[TimeControl "180+2"]
[Date "2023.02.28"]
[WhiteClock "0:00:20"]
[BlackClock "0:00:02"]

1. g3 Nf6 2. Bg2 d5 3. d3 g6 4. e4 dxe4 5. dxe4 Qxd1+ 6. Kxd1 e5 7. f3 Be6 8. Nd2 Nc6 9. Bh3 Bxh3 10. Nxh3 Bh6 11. c3 O-O-O 12. Ke2 Rd7 13. Nc4 Bxc1 14. Raxc1 Rhd8 15. a4 h6 16. Nf2 a6 17. Rhd1 b5 18. axb5 axb5 19. Rxd7 Rxd7 20. Na3 Na7 21. Nd3 Re7 22. Nc5 Nd7 23. Nd3 Kb7 24. Nc2 c5 25. Ne3 Re6 26. Ra1 Nc6 27. Nd5 Rd6 28. h4 Nd8 29. b4 c4 30. Nf2 Nb6 31. Ne3 Na4 32. Nd5 Ne6 33. Nd1 Nc7 34. N1e3 Nxd5 35. Nxd5 f5 36. Ke3 fxe4 37. fxe4 Nb6 38. Rd1 Nd7 39. Rf1 h5 40. Rf7 Kc8 41. Rg7 1-0


[Site "https://www.chess.com"]

[Event "Titled Tuesday Blitz February 28 Late 2023"]
[White "Dahlgren, James Allen"]
[Black "Gatterer, Florian"]
[WhiteFideId "22256873"]
[BlackFideId "811688"]
[WhiteElo "2197"]
[BlackElo "2221"]
[Result "1-0"]
[Round "09"]
[TimeControl "180+2"]
[Date "2023.02.28"]
[WhiteClock "0:01:11"]
[BlackClock "0:01:30"]

1. e4 c6 2. d4 d5 3. f3 Qb6 4. Nc3 dxe4 5. fxe4 e5 6. Nf3 exd4 7. Nxd4 Bc5 8. Be3 Ne7 9. Qd2 O-O 10. Na4 Qb4 11. Nxc5 Qxc5 12. Ne6 Qe5 13. Nxf8 Qxb2 14. Rd1 Bg4 15. Qd8 Nd7 16. Qxa8 Nxf8 17. Qxf8+ 1-0


[Site "https://www.chess.com"]

[Event "Titled Tuesday Blitz February 28 Late 2023"]
[White "mohsengabr2002"]
[Black "Comas Fabrego, Lluis"]
[BlackFideId "2200325"]
[WhiteElo "2327"]
[BlackElo "2523"]
[Result "1/2-1/2"]
[Round "09"]
[TimeControl "180+2"]
[Date "2023.02.28"]
[WhiteClock "0:00:52"]
[BlackClock "0:00:10"]

1. g3 d5 2. Bg2 Nf6 3. c4 c6 4. Qa4 g6 5. cxd5 Nxd5 6. Qd4 Nf6 7. Qxd8+ Kxd8 8. Nc3 Bg7 9. Nf3 Nd5 10. Nxd5 cxd5 11. Ng5 Be6 12. e3 Kd7 13. Nxe6 Kxe6 14. d4 f5 15. Bd2 Nc6 16. Ke2 Kd6 17. b4 a6 18. f4 e6 19. a4 b5 20. Rhc1 Rhb8 21. Rc5 Nxd4+ 22. exd4 Bxd4 23. Rac1 Bxc5 24. bxc5+ Kc6 25. a5 b4 26. Kd3 Rb5 27. Re1 Rxc5 28. Rxe6+ Kb5 29. Rb6+ Kxa5 30. Rxb4 Rb5 31. Rd4+ Kb6 32. Rxd5 Rxd5+ 33. Bxd5 Rd8 34. Kc4 Rc8+ 35. Kb3 Rc7 36. Be3+ Kb5 37. Bd4 Rc1 38. Be5 Rb1+ 39. Kc2 Rf1 40. Bd4 Re1 41. Kd2 Re7 42. Bg8 Rd7 43. Ke3 Re7+ 44. Be5 a5 45. Kd4 a4 46. Kd5 Rd7+ 47. Ke6 Rd2 48. Kf6 Rxh2 49. Kg7 Rh3 50. Bxh7 Rxg3 51. Bxg6 a3 52. Kf6 a2 53. Bxf5 Re3 54. Bd4 Re1 55. Bd7+ Ka6 56. f5 a1=Q 57. Bxa1 Rxa1 58. Ke7 Rf1 59. f6 Rxf6 60. Kxf6 1/2-1/2


[Site "https://www.chess.com"]

[Event "Titled Tuesday Blitz February 28 Late 2023"]
[White "Clawitter, Craig"]
[Black "Bongo Akanga Ndjila, Barthelemy"]
[WhiteFideId "2023105"]
[BlackFideId "10609431"]
[WhiteElo "2271"]
[BlackElo "1768"]
[Result "1-0"]
[Round "09"]
[TimeControl "180+2"]
[Date "2023.02.28"]
[WhiteClock "0:00:31"]
[BlackClock "0:00:04"]

1. e4 e6 2. d4 d5 3. e5 c5 4. c3 Nc6 5. Nf3 Qb6 6. a3 Nh6 7. b4 cxd4 8. cxd4 a6 9. Be3 Nf5 10. Bd3 Bd7 11. O-O h5 12. Nc3 Ncxd4 13. Nxd4 Nxd4 14. Bc2 Nf3+ 15. Qxf3 d4 16. Na4 Qa7 17. Bf4 Rc8 18. Qe2 b5 19. Nb2 Rc3 20. Be4 Be7 21. Rfc1 h4 22. Rxc3 dxc3 23. Nd1 1-0


[Site "https://www.chess.com"]

[Event "Titled Tuesday Blitz February 28 Late 2023"]
[White "Chemin, Justo Reinaldo"]
[Black "Sanchez Alvares, Kelvin Antonio"]
[WhiteFideId "2101580"]
[BlackFideId "3906680"]
[WhiteElo "1940"]
[BlackElo "2217"]
[Result "0-1"]
[Round "09"]
[TimeControl "180+2"]
[Date "2023.02.28"]
[WhiteClock "0:00:05"]
[BlackClock "0:00:45"]

1. e4 e5 2. Nf3 Nc6 3. Bb5 a6 4. Ba4 b5 5. Bb3 Nf6 6. d3 Be7 7. Nc3 O-O 8. Bg5 d6 9. Bxf6 Bxf6 10. h3 Ne7 11. O-O Be6 12. Ne2 c5 13. Bxe6 fxe6 14. c3 Ng6 15. d4 exd4 16. cxd4 c4 17. Ng3 d5 18. Re1 Bh4 19. a4 b4 20. exd5 exd5 21. Nxh4 Qxh4 22. Qd2 a5 23. Re3 Nf4 24. Rae1 Nd3 25. Rxd3 cxd3 26. Qxd3 Rae8 27. Re5 Qf4 28. Rxe8 Qxf2+ 29. Kh2 Rxe8 30. Qb5 Qf7 31. Qxa5 h5 32. h4 Re3 33. Qxb4 Qf4 0-1


[Site "https://www.chess.com"]

[Event "Titled Tuesday Blitz February 28 Late 2023"]
[White "Guimaraes, Wagner Peixoto"]
[Black "Estrada Nieto, Julian"]
[WhiteFideId "2100940"]
[BlackFideId "5101018"]
[WhiteElo "2185"]
[BlackElo "2176"]
[Result "0-1"]
[Round "09"]
[TimeControl "180+2"]
[Date "2023.02.28"]
[WhiteClock "0:00:16"]
[BlackClock "0:00:50"]

1. e4 e5 2. Nf3 Nc6 3. Nc3 Nf6 4. g3 d5 5. exd5 Nxd5 6. Bg2 Nxc3 7. bxc3 Bc5 8. O-O O-O 9. d3 Bg4 10. Rb1 Bb6 11. Be3 f5 12. h3 Bh5 13. Qd2 Qd6 14. Rfe1 Rad8 15. Bxb6 axb6 16. Qg5 Bf7 17. a4 Bd5 18. Nd2 Bxg2 19. Kxg2 h6 20. Qe3 Qd5+ 21. Qf3 e4 22. Qe3 exd3+ 23. Kh2 dxc2 0-1


[Site "https://www.chess.com"]

[Event "Titled Tuesday Blitz February 28 Late 2023"]
[White "Lucassen, Mickey"]
[Black "Mendez Machado, Andre"]
[WhiteFideId "12919110"]
[BlackFideId "6603793"]
[WhiteElo "2350"]
[BlackElo "1989"]
[Result "1-0"]
[Round "09"]
[TimeControl "180+2"]
[Date "2023.02.28"]
[WhiteClock "0:00:19"]
[BlackClock "0:00:01"]

1. Nf3 Nf6 2. b3 e6 3. Bb2 Be7 4. g3 O-O 5. Bg2 d5 6. O-O c5 7. c4 d4 8. e3 Nc6 9. exd4 cxd4 10. d3 Re8 11. Re1 Bf8 12. a3 a5 13. Nbd2 e5 14. Qc2 Bf5 15. Nh4 Bg6 16. Nxg6 hxg6 17. Ne4 Nxe4 18. Bxe4 f5 19. Bd5+ Kh7 20. Kg2 Rb8 21. Bf3 Qf6 22. Bc1 Nd8 23. h4 Ne6 24. Bd2 b6 25. b4 axb4 26. axb4 Bd6 27. Ra7 Rbd8 28. Rea1 Bb8 29. Rb7 e4 30. dxe4 d3 31. Qc1 fxe4 32. Bxe4 Rf8 33. Be3 d2 34. Qd1 Be5 35. Ra2 Bc3 36. f4 Bxb4 37. Rb2 Qxb2 38. Qh5+ Kg8 39. Bxg6 d1=Q+ 40. Kh3 Qxh5 41. Bxh5 Qb1 42. Bf3 1-0


[Site "https://www.chess.com"]

[Event "Titled Tuesday Blitz February 28 Late 2023"]
[White "Fernandez Garcia, Gumersindo"]
[Black "Huang, Alex"]
[WhiteFideId "24516740"]
[BlackFideId "4302508"]
[WhiteElo "2093"]
[BlackElo "2029"]
[Result "0-1"]
[Round "09"]
[TimeControl "180+2"]
[Date "2023.02.28"]
[WhiteClock "0:00:03"]
[BlackClock "0:00:22"]

1. d4 Nf6 2. c4 g6 3. Nc3 Bg7 4. e4 d6 5. Bg5 O-O 6. Qd2 c5 7. d5 e6 8. Nf3 exd5 9. exd5 Re8+ 10. Be2 Bf5 11. Nh4 Bg4 12. O-O Bxe2 13. Nxe2 Nbd7 14. Nc3 Ne5 15. b3 Qa5 16. Rae1 a6 17. Nb1 Qxd2 18. Nxd2 Nd3 19. Rxe8+ Rxe8 20. Nhf3 Nd7 21. Be3 b5 22. h3 h6 23. Rd1 Nb6 24. Rb1 Kh7 25. Kf1 Bc3 26. g3 f5 27. Ke2 Nb4 28. a3 Nc2 29. Kd3 Nxe3 30. fxe3 Bf6 31. a4 Rb8 32. cxb5 axb5 33. a5 Nxd5 34. e4 Nb4+ 35. Ke3 Ra8 36. exf5 gxf5 37. Rd1 Rxa5 38. Nf1 Ra3 39. Rxd6 Rxb3+ 40. Kf4 Bg7 41. Ne3 Nd3+ 42. Kxf5 c4 43. Ng4 c3 44. Rc6 b4 45. Nfe5 Nxe5 46. Nxe5 Rb1 47. Rc7 Rf1+ 48. Ke6 Re1 49. Kd6 Rxe5 0-1


[Site "https://www.chess.com"]

[Event "Titled Tuesday Blitz February 28 Late 2023"]
[White "Zampronha, Wladimir Camilo"]
[Black "Lopez Perdomo, Juan David"]
[WhiteFideId "2103087"]
[BlackFideId "4405137"]
[WhiteElo "2176"]
[BlackElo "1965"]
[Result "1-0"]
[Round "09"]
[TimeControl "180+2"]
[Date "2023.02.28"]
[WhiteClock "0:00:31"]
[BlackClock "0:00:05"]

1. e4 e6 2. d4 d5 3. Nc3 Bb4 4. e5 c5 5. a3 Ba5 6. Bd2 Ne7 7. dxc5 Bxc3 8. Bxc3 Nbc6 9. Nf3 Ng6 10. b4 Qc7 11. Bb5 Bd7 12. Qe2 Nf4 13. Qf1 d4 14. Bd2 Nxe5 15. Bxf4 Nxf3+ 16. gxf3 Qxf4 17. Bxd7+ Kxd7 18. Qd3 Rhd8 19. O-O Ke7 20. Rae1 Rd5 21. Re4 Rg5+ 22. Kh1 Qf6 23. Rxd4 g6 24. Rg1 Rf5 25. Rg3 Kf8 26. Rd7 1-0


[Site "https://www.chess.com"]

[Event "Titled Tuesday Blitz February 28 Late 2023"]
[White "Desideri, Ricardo Maruchi"]
[Black "Awoki, Daniel Teidi"]
[WhiteFideId "2110440"]
[BlackFideId "2100827"]
[WhiteElo "1945"]
[BlackElo "2083"]
[Result "0-1"]
[Round "09"]
[TimeControl "180+2"]
[Date "2023.02.28"]
[WhiteClock "0:00:01"]
[BlackClock "0:00:05"]

1. e4 c5 2. Nf3 d6 3. d4 cxd4 4. Nxd4 Nf6 5. Nc3 a6 6. Rg1 e5 7. Nb3 Be6 8. g4 Be7 9. g5 Nfd7 10. Be3 b5 11. a3 Nc6 12. h4 Nb6 13. Nd5 Bxd5 14. exd5 Nb8 15. Qd2 N8d7 16. Na5 Qc7 17. Nc6 Rc8 18. Bh3 Nxd5 19. Nxe7 Nxe7 20. Rd1 d5 21. Bxd7+ Qxd7 22. c3 O-O 23. h5 Rfd8 24. f4 d4 25. Bf2 Qh3 26. cxd4 exd4 27. g6 Nf5 28. gxf7+ Kxf7 29. Qd3 Qxh5 30. Rg5 Qh1+ 31. Kd2 Qxd1+ 32. Kxd1 g6 33. Rxf5+ gxf5 34. Qxf5+ Kg8 35. Qe6+ Kg7 36. Qe7+ Kg6 37. Qg5+ Kf7 38. Qf5+ Ke7 0-1


[Site "https://www.chess.com"]

[Event "Titled Tuesday Blitz February 28 Late 2023"]
[White "Davidson, Kevin"]
[Black "Sailer, Mike"]
[WhiteFideId "2056810"]
[BlackFideId "2012901"]
[WhiteElo "2151"]
[BlackElo "2109"]
[Result "0-1"]
[Round "09"]
[TimeControl "180+2"]
[Date "2023.02.28"]
[WhiteClock "0:00:24"]
[BlackClock "0:00:28"]

1. e4 d5 2. exd5 Qxd5 3. Nc3 Qd6 4. d4 Nf6 5. Nf3 c6 6. h3 Bf5 7. g4 Bg6 8. Ne5 e6 9. h4 Be4 10. Rh3 Nbd7 11. Nxd7 Qxd7 12. g5 Bf5 13. gxf6 Bxh3 14. Bxh3 gxf6 15. Ne4 Be7 16. c3 f5 17. Ng5 h6 18. Qh5 Bxg5 19. hxg5 O-O-O 20. gxh6 Rdg8 21. Bg5 Qd5 22. O-O-O Qxa2 23. h7 Rg7 24. Bf6 Rgxh7 25. Qe2 Rxh3 26. Bxh8 Rxh8 27. Qe5 Rd8 28. Rg1 Qa1+ 0-1


[Site "https://www.chess.com"]